 Dungeon Crawl Stone Soup version 0.31.0-12-g77e489cdc1 (webtiles) character file.

Game seed: 6301099934694472626

65 SleebyBuny the Trooper (level 3, -1/29 HPs)
             Began as a Demonspawn Berserker on Feb 25, 2024.
             Was a Follower of Trog.
             Slain by a ribbon worm (6 damage)
             ... on level 2 of the Dungeon.
             The game lasted 00:04:46 (1362 turns).

SleebyBuny the Trooper (Demonspawn Berserker)       Turns: 1362, Time: 00:04:47

Health: -1/29      AC:  3    Str: 18 (19) XL:     3   Next: 92%
Magic:  3/3        EV: 11    Int:  6 (7)  God:    Trog [*.....]
Gold:   55         SH:  4    Dex: 10 (12) Spells: 2/2 levels left

rFire   . . .        a - +0 mace
rCold   . . .        (no shield)
rNeg    . . .        c - +0 leather armour
rPois   .            (helmet restricted)
rElec   .            (no cloak)
rCorr   .            (no gloves)
SInv    .            (no boots)
Will    .....        (no amulet)
Stlth   +            (no ring)
HPRegen 0.24/turn    (no ring)
MPRegen 0.08/turn

%: no passive effects
@: no status effects
A: antennae 1, condensation shield
a: Renounce Religion, Berserk


You were on level 2 of the Dungeon.
You worshipped Trog.
Trog was aware of your devotion.
You visited 1 branch of the dungeon, and saw 2 of its levels.

You collected 55 gold pieces.

Inventory:

Hand Weapons
 a - a +0 mace (weapon)
Armour
 c - a +0 leather armour (worn)
Scrolls
 b - 2 scrolls of identify {unknown}
 e - a scroll of immolation {unknown}
 f - a scroll of fear {unknown}
 g - a scroll of enchant weapon {unknown}


   Skills:
 + Level 3.6 Fighting
 + Level 3.6 Maces & Flails
 + Level 2.0 Armour
 + Level 2.1 Dodging
 + Level 0.1 Shields


You had 2 spell levels left.
You didn't know any spells.
Your spell library was empty.

Dungeon Overview and Level Annotations

Branches:
Dungeon (2/15)

Altars:

Shops:
D:1 ?***


Innate Abilities, Weirdness & Mutations

You have a pair of small antennae on your head.
A meltable shield of frost defends you. (SH +4)


Message History

The ribbon worm bites you.
You struggle to detach yourself from the web.
The ribbon worm expels a string of sticky webbing.
The stream of webbing hits you but does no damage.
You are even more entangled.
The web tears apart.
You block the ribbon worm's attack.
You barely miss the ribbon worm.
The ribbon worm is heavily wounded.
The ribbon worm bites you.
You barely miss the ribbon worm.
The ribbon worm is heavily wounded.
The ribbon worm misses you.
You barely miss the ribbon worm.
The ribbon worm is heavily wounded.
The ribbon worm expels a string of sticky webbing.
The stream of webbing hits you but does no damage.
You are caught in a web!
The web tears apart.
The ribbon worm barely misses you.
You hit the ribbon worm.
The ribbon worm is severely wounded.
The ribbon worm bites you.
You barely miss the ribbon worm.
The ribbon worm is heavily wounded.
You hit the ribbon worm.
The ribbon worm is almost dead.
The ribbon worm misses you.
You barely miss the ribbon worm.
The ribbon worm is severely wounded.
The ribbon worm bites you.
You hit the ribbon worm but do no damage.
The ribbon worm is severely wounded.
The ribbon worm closely misses you.
You barely miss the ribbon worm.
The ribbon worm is severely wounded.
The ribbon worm bites you!
* * * LOW HITPOINT WARNING * * *
You hit the ribbon worm.
The ribbon worm is severely wounded.
The ribbon worm bites you.
You die...

#)..# #..w#
#...# #...#
#...####
#....w#####
##........#
##)##.###w#
#..##.# #@# ≈...
#.###.###.# .≈≈
#.....#...# .≈#
#)#####.#.# .≈#
#)#####.#.####
.≈#
###.##....#....#
.≈#
#....).#######.#
≈≈#
#.........#....#
####
#.....###.#.####


You could see a ribbon worm.

Vanquished Creatures
  An orc wizard (D:2)
  An adder (D:2)
  A ribbon worm (D:2)
  2 dart slugs
  3 orcs (D:2)
  An endoplasm (D:1)
  2 giant cockroaches
  3 jackals (D:1)
  2 kobolds
  2 ball pythons (D:1)
  2 bats (D:1)
  3 frilled lizards (D:1)
  4 goblins
  4 rats (D:1)
31 creatures vanquished.

Notes
Turn   | Place    | Note
-------+----------+-------------------------------------------
     0 | D:1      | SleebyBuny the Demonspawn Berserker began the quest for the
                  | Orb.
     0 | D:1      | Reached XP level 1. HP: 18/18 MP: 1/1
   191 | D:1      | Found Itabiaj's General Store.
   379 | D:1      | Gained mutation: A meltable shield of frost defends you.
                  | (SH +4) [demonic ancestry]
   379 | D:1      | Reached XP level 2. HP: 24/24 MP: 2/2
   423 | D:1      | Found Odoxuim's General Store.
   711 | D:1      | Found Cickops's Magic Scroll Boutique.
   987 | D:1      | Found Ynwav's General Store.
  1072 | D:2      | Gained mutation: You have a pair of small antennae on your
                  | head. [demonic ancestry]
  1072 | D:2      | Reached XP level 3. HP: 27/29 MP: 3/3
  1362 | D:2      | Slain by a ribbon worm

Illustrated notes

Levels and vault maps discovered:
D:1:      eino_arrival_druids_welcome, layout_basic, serial_shops, shop,
          nicolae_shop_statue_plus, shop, nicolae_shop_rolled_up, serial_glass,
          glass_columns_c, glass_columns_a, minmay_hexomino_r4
D:2:      layout_loops_cross, kennysheep_minor_cross

Skill      XL: |  1  2  3 |
---------------+----------+-----
Maces & Flails | 3 |  3.6
Dodging        | 2 |  2.1
Armour         | 2 |  2.0
Fighting       | |  3.6
Shields        | |  0.1

Action                     || total
---------------------------++-------
  Melee: Mace              ||   111
         Punch             ||     1
 Invoke: Berserk           ||     1
    Use: Potion            ||     3
 Armour: Animal skin       ||     8
         Leather armour    ||    56
  Dodge: Dodged            ||    54
  Block: Other             ||    10
